Pick #1

Connor Bedard
Pick #2

Leo Carlsson
Pick #3

Adam Fantilli
Pick #4

Matvei Michkov
Pick #5

David Reinbacher
Pick #6

William Smith
Pick #7

Zachary Benson
Pick #8

Ryan Leonard
Pick #9

Gabriel Perreault
Pick #10

Axel Sandin-Pellika
Pick #11

Daniil But
Pick #12

Dalibor Dvorsky
Pick #13

Quentin Musty
Pick #14

Brayden Yager
Pick #15

Dmitry Simashev
Pick #16

Colby Barlow
Pick #17

Andrew Cristall
Pick #18

Easton Cowan
Pick #19

Jacob Fowler
Pick #20

Oliver Moore
Pick #21

Oliver Bonk
Pick #22

Tom Willander
Pick #23

Calum Ritchie
Pick #24

Tanner Molendyk
Pick #25

Gavin Brindley
Pick #26

Nate Danielson
Pick #27

Pick #28

Pick #29

Pick #30

Pick #31

Pick #32

Pick #33

Pick #34

Pick #35

Pick #36

Pick #37

Pick #38

Pick #39

Pick #40

Pick #41

Pick #42

Pick #43

Pick #44

Pick #45

Pick #46

Pick #47

Pick #48

Pick #49

Pick #50

Pick #51

Pick #52

Pick #53

Pick #54

Pick #55

Pick #56

Pick #57

Pick #58

Pick #59

Pick #60

Pick #61

Pick #62

Pick #63

Pick #64

Pick #65

Pick #66

Pick #67

Pick #68

Pick #69

Pick #70

Pick #71

Pick #72

Pick #73

Pick #74

Pick #75

Pick #76

Pick #77

Pick #78

Pick #79

Pick #80

Pick #81

Pick #82

Pick #83

Pick #84

Pick #85

Pick #86

Pick #87

Pick #88

Pick #89

Pick #90

Pick #91

Pick #92

Pick #93

Pick #94

Pick #95

Pick #96

Pick #97

Pick #98

Pick #99

Pick #100

Pick #101

Pick #102

Pick #103

Pick #104

Pick #105

Pick #106

Pick #107

Pick #108

Pick #109

Pick #110

Pick #111

Pick #112

Pick #113

Pick #114

Pick #115

Pick #116

Pick #117

Pick #118

Pick #119

Pick #120

Pick #121

Pick #122

Pick #123

Pick #124

Pick #125

Pick #126

Pick #127

Pick #128

Pick #129

Pick #130

Full Scoreboard »»

Devils vs Lightning

Created - March 25, 2024 at 22:14

Goals
1 2 3 T
Devils 1 3 0 4
Lightning 1 1 1 3
Shots
1 2 3 T
Devils 13 11 5 29
Lightning 3 9 11 23

GoalsPenalties
1st period
1. Devils , Travis Konecny 20 (Sam Reinhart 42, Damon Severson 36) at 15:17
2. Lightning , Dawson Mercer 13 (Alex Killorn 19, Kaiden Guhle 17) at 16:30
Ben Chiarot (TBL) for Hooking (Minor) at 3:50
Tyler Toffoli (TBL) for Holding (Minor) at 6:50
Brandon Montour (TBL) for Roughing (Minor) at 10:18
Dylan Cozens (NJD) for Roughing (Minor) at 10:18
Ben Chiarot (TBL) for Hooking (Minor) at 12:19
2nd period
3. Devils , Travis Konecny 21 (Sam Reinhart 43) at 1:13 (PP)
4. Devils , Travis Konecny 22 (Dougie Hamilton 39, Chris Kreider 32) at 11:14 (PP)
5. Devils , Matt Boldy 19 (Damon Severson 37, Evgeni Malkin 39) at 12:55 (PP)
6. Lightning , Erik Haula 12 (Brandon Montour 48, Teddy Blueger 13) at 19:24 (SH)
Kaiden Guhle (TBL) for Hooking (Minor) at 1:11
Mikhail Sergachev (NJD) for Holding (Minor) at 7:37
Barclay Goodrow (TBL) for Hooking (Minor) at 9:42
Andrew Peeke (TBL) for Holding (Minor) at 12:39
Kevin Shattenkirk (TBL) for Slashing (Minor) at 13:10
Andrew Peeke (TBL) for Boarding (Major) at 17:58
3rd period
7. Lightning , Kevin Shattenkirk 9 (Patrice Bergeron 45) at 13:38 (PP)
Andrew Peeke (TBL) for Holding (Minor) at 4:43
Travis Konecny (NJD) for Hooking (Minor) at 13:36
Mikhail Sergachev (NJD) for Goalie Interference (Minor) at 19:15
Goalie Stats
Andrei Vasilevskiy (NJD), 20 saves from 23 shots - (0.870), W, 28-14-9, 60:00 minutes
Jacob Markstrom (TBL), 25 saves from 29 shots - (0.862), L, 34-21-9, 59:11 minutes
3 StarsOfficial
1 - Travis Konecny (NJD)
2 - Sam Reinhart (NJD)
3 - Dawson Mercer (TBL)
Referees : Chris Schlenker and Adam Bloski
Linesman : Robb Harrell and Libor Suchanek
Game Note
Travis Konecny has scored a Hat Trick!
Finance
Level 1 -- Attendance: 6026 (92.71%) -- Ticket Income $662,860
Level 2 -- Attendance: 3624 (72.48%) -- Ticket Income $344,280
Level 3 -- Attendance: 2288 (65.37%) -- Ticket Income $171,600
Level 4 -- Attendance: 2618 (81.71%) -- Ticket Income $117,810
Luxury Box -- Attendance: 513 (51.30%) -- Ticket Income $184,680
Game was played at the Amalie Arena.
Total Attendance: 15069 (78.47%)
Total Ticket Income: $1,481,230
Other Income: $370,308
Total Income: $1,851,538



Team Name Goals Shots Shots Attemp Shots Blocked PIM HIT PP PK FO%
Devils 4295238253 / 9 (33%)146%
Lightning 32347723191 / 3 (33%)354%

Devils
Player Name POS G A P +/- PIM HIT SHT SB MP PP MP PP SHT PK MP PK SHT FO% FOT
Alexander WennbergC0000002010:540:0000:00045% 11
Brian DumoulinD0000052113:140:0001:2800% 0
Chris KreiderLW0111011019:048:2300:2900% 0
Conor ShearyLW0000010011:110:0000:170100% 1
Damon SeversonD0220011022:418:1411:1700% 0
Dougie HamiltonD011-1001124:058:3010:0000% 0
Dylan CozensC000-2213018:538:1420:0000% 1
Evgeni MalkinC011-2012019:528:2110:00040% 25
Justin SchultzD0000010013:030:0001:1700% 0
Mathieu JosephRW000000109:040:0001:5900% 1
Matt BoldyLW101-2032020:098:2120:00067% 3
Michael McCarronRW000001107:220:0000:1700% 0
Mikhail SergachevD000-1431124:038:3010:0000% 0
Nino NiederreiterRW000-1031019:158:2100:0000% 1
Ryan GravesD0001010014:380:0001:2800% 0
Sam ReinhartC0221002019:408:2310:35058% 24
Travis KonecnyRW3031217019:068:2350:0000% 1
Trevor LewisC000002208:580:0001:53036% 11
Lightning
Player Name POS G A P +/- PIM HIT SHT SB MP PP MP PP SHT PK MP PK SHT FO% FOT
Alex KillornLW011100505:260:0000:0800% 0
Andrew PeekeD000-1900212:080:0000:0000% 0
Barclay GoodrowC000021109:390:0005:17036% 11
Ben ChiarotD000-1410118:370:0005:3800% 0
Brandon MontourD0111210024:511:3509:4100% 0
Brock NelsonC0000012014:581:0800:00054% 13
Dawson MercerC101101205:420:2400:0000% 0
Erik HaulaLW1011001015:080:00010:451100% 1
Jeff SkinnerLW0000022015:271:3700:0000% 0
John KlingbergD0001000425:181:3508:2700% 0
Kaiden GuhleD0111230017:361:1003:0400% 0
Kevin ShattenkirkD1011221021:221:1016:3800% 0
Patrice BergeronC011-1013020:021:3701:25070% 23
Ryan StromeC0001001011:090:0005:51057% 7
Sam BennettC000-1031016:040:4400:0000% 0
Teddy BluegerC0111022014:250:00010:02050% 20
Tyler ToffoliRW000-1210018:361:3700:00033% 3
William KarlssonC0000002014:391:0810:0000% 1



Play-by-Play

1st period


0:01 of 1st period - Sam Reinhart wins face-off versus Tyler Toffoli in neutral zone.
1:28 of 1st period - Shot by William Karlsson.
1:28 of 1st period - Shot Misses the Net.
1:56 of 1st period - Shot by Dawson Mercer.
1:56 of 1st period - Shot Misses the Net.
2:06 of 1st period - Shot by Conor Sheary.
2:06 of 1st period - Shot Blocked by Andrew Peeke.
2:08 of 1st period - Shot by Brian Dumoulin.
2:08 of 1st period - Stopped by Jacob Markstrom without a rebound.
2:09 of 1st period - Trevor Lewis wins face-off versus Barclay Goodrow in Lightning zone.
2:22 of 1st period - Shot by Barclay Goodrow.
2:22 of 1st period - Stopped by Andrei Vasilevskiy with a rebound.
2:24 of 1st period - Shot by Erik Haula.
2:24 of 1st period - Shot Misses the Net.
2:26 of 1st period - Shot by Teddy Blueger.
2:26 of 1st period - Shot Misses the Net.
2:30 of 1st period - Shot by Brandon Montour.
2:30 of 1st period - Shot Blocked by Brian Dumoulin.
2:32 of 1st period - Shot by Teddy Blueger.
2:32 of 1st period - Shot Misses the Net.
2:42 of 1st period - Shot by Teddy Blueger.
2:42 of 1st period - Shot Misses the Net.
3:50 of 1st period - Shot by Nino Niederreiter.
3:50 of 1st period - Stopped by Jacob Markstrom without a rebound.
3:50 of 1st period - Minor Penalty to Ben Chiarot for Hooking.
3:51 of 1st period - Sam Reinhart wins face-off versus Teddy Blueger in Lightning zone.
3:58 of 1st period - Shot by Dylan Cozens.
3:58 of 1st period - Stopped by Jacob Markstrom without a rebound.
3:59 of 1st period - Sam Reinhart wins face-off versus Teddy Blueger in Lightning zone.
4:22 of 1st period - Shot by Travis Konecny.
4:22 of 1st period - Stopped by Jacob Markstrom without a rebound.
4:23 of 1st period - Matt Boldy wins face-off versus Barclay Goodrow in Lightning zone.
5:28 of 1st period - Shot by Travis Konecny.
5:28 of 1st period - Stopped by Jacob Markstrom without a rebound.
5:29 of 1st period - Teddy Blueger wins face-off versus Travis Konecny in Lightning zone.
6:18 of 1st period - Shot by Mathieu Joseph.
6:18 of 1st period - Stopped by Jacob Markstrom with a rebound.
6:20 of 1st period - Shot by Trevor Lewis.
6:20 of 1st period - Stopped by Jacob Markstrom with a rebound.
6:35 of 1st period - Brock Nelson is hit by Brian Dumoulin.
6:50 of 1st period - Minor Penalty to Tyler Toffoli for Holding.
6:51 of 1st period - Teddy Blueger wins face-off versus Sam Reinhart in Lightning zone.
6:51 of 1st period - Teddy Blueger is hit by Travis Konecny.
7:07 of 1st period - Chris Kreider is hit by Teddy Blueger and loses puck.
7:35 of 1st period - Icing by Mikhail Sergachev.
7:36 of 1st period - Sam Reinhart wins face-off versus Barclay Goodrow in Devils zone.
7:51 of 1st period - Icing by Chris Kreider.
7:52 of 1st period - Sam Reinhart wins face-off versus Barclay Goodrow in Devils zone.
7:52 of 1st period - Sam Reinhart is hit by Barclay Goodrow.
8:18 of 1st period - Off-side.
8:19 of 1st period - Evgeni Malkin wins face-off versus Teddy Blueger in neutral zone.
8:26 of 1st period - Shot by Evgeni Malkin.
8:26 of 1st period - Shot Misses the Net.
8:28 of 1st period - Shot by Dylan Cozens.
8:28 of 1st period - Shot Misses the Net.
8:34 of 1st period - Shot by Matt Boldy.
8:34 of 1st period - Deflect By Nino Niederreiter.
8:34 of 1st period - Shot Blocked by John Klingberg.
8:36 of 1st period - Shot by Damon Severson.
8:36 of 1st period - Stopped by Jacob Markstrom without a rebound.
8:37 of 1st period - Evgeni Malkin wins face-off versus Barclay Goodrow in Lightning zone.
9:28 of 1st period - Trevor Lewis is hit by Kevin Shattenkirk and loses puck.
9:54 of 1st period - Shot by Chris Kreider.
9:54 of 1st period - Shot Misses the Net.
10:16 of 1st period - Shot by Brian Dumoulin.
10:16 of 1st period - Stopped by Jacob Markstrom without a rebound.
10:17 of 1st period - Patrice Bergeron wins face-off versus Evgeni Malkin in Lightning zone.
10:17 of 1st period - Patrice Bergeron is hit by Matt Boldy.
10:18 of 1st period - Minor Penalty to Brandon Montour for Roughing.
10:18 of 1st period - Minor Penalty to Dylan Cozens for Roughing.
10:19 of 1st period - Sam Reinhart wins face-off versus Patrice Bergeron in Lightning zone.
11:27 of 1st period - Shot by Evgeni Malkin.
11:27 of 1st period - Stopped by Jacob Markstrom without a rebound.
11:28 of 1st period - Matt Boldy wins face-off versus Brock Nelson in Lightning zone.
11:35 of 1st period - Shot by Chris Kreider.
11:35 of 1st period - Shot Misses the Net.
11:46 of 1st period - Shot by Jeff Skinner.
11:46 of 1st period - Stopped by Andrei Vasilevskiy without a rebound.
11:47 of 1st period - Patrice Bergeron wins face-off versus Evgeni Malkin in Devils zone.
12:19 of 1st period - Minor Penalty to Ben Chiarot for Hooking.
12:20 of 1st period - Teddy Blueger wins face-off versus Sam Reinhart in Lightning zone.
12:40 of 1st period - Chris Kreider is hit by Kaiden Guhle.
13:09 of 1st period - Off-side.
13:10 of 1st period - Evgeni Malkin wins face-off versus Barclay Goodrow in neutral zone.
13:20 of 1st period - Evgeni Malkin is hit by Brandon Montour.
13:24 of 1st period - Shot by Evgeni Malkin.
13:24 of 1st period - Stopped by Jacob Markstrom without a rebound.
13:25 of 1st period - Barclay Goodrow wins face-off versus Evgeni Malkin in Lightning zone.
14:20 of 1st period - Andrew Peeke is hit by Trevor Lewis and loses puck.
15:17 of 1st period - Shot by Travis Konecny.
15:17 of 1st period - Goal by Travis Konecny - Devils : 1 - Lightning : 0.
15:18 of 1st period - Alexander Wennberg wins face-off versus Brock Nelson in neutral zone.
15:39 of 1st period - Shot by Alexander Wennberg.
15:39 of 1st period - Stopped by Jacob Markstrom without a rebound.
15:40 of 1st period - Evgeni Malkin wins face-off versus Ryan Strome in Lightning zone.
15:46 of 1st period - Icing by Dawson Mercer.
15:47 of 1st period - Evgeni Malkin wins face-off versus Ryan Strome in Lightning zone.
15:56 of 1st period - Shot by Dylan Cozens.
15:56 of 1st period - Shot Misses the Net.
16:30 of 1st period - Shot by Dawson Mercer.
16:30 of 1st period - Goal by Dawson Mercer - Devils : 1 - Lightning : 1.
16:31 of 1st period - Patrice Bergeron wins face-off versus Alexander Wennberg in neutral zone.
16:33 of 1st period - Off-side.
16:34 of 1st period - Alexander Wennberg wins face-off versus Patrice Bergeron in neutral zone.
18:31 of 1st period - Shot by Travis Konecny.
18:31 of 1st period - Shot Misses the Net.
18:34 of 1st period - Icing by Ben Chiarot.
18:35 of 1st period - Trevor Lewis wins face-off versus Teddy Blueger in Lightning zone.
19:50 of 1st period - Shot by Chris Kreider.
19:50 of 1st period - Shot Misses the Net.
Goals for this period are 1 for Devils vs 1 for Lightning.
Shots for this period are 13 for Devils vs 3 for Lightning.

2nd period


0:01 of 2nd period - Tyler Toffoli wins face-off versus Alexander Wennberg in neutral zone.
0:01 of 2nd period - Patrice Bergeron is hit by Nino Niederreiter and loses puck.
0:36 of 2nd period - Shot by Patrice Bergeron.
0:36 of 2nd period - Shot Blocked by Mikhail Sergachev.
0:38 of 2nd period - Shot by Brandon Montour.
0:38 of 2nd period - Shot Misses the Net.
1:11 of 2nd period - Minor Penalty to Kaiden Guhle for Hooking.
1:12 of 2nd period - Sam Reinhart wins face-off versus Teddy Blueger in Lightning zone.
1:13 of 2nd period - Shot by Travis Konecny.
1:13 of 2nd period - Goal by Travis Konecny - Devils : 2 - Lightning : 1.
1:14 of 2nd period - Ryan Strome wins face-off versus Sam Reinhart in neutral zone.
1:48 of 2nd period - Shot by Alex Killorn.
1:48 of 2nd period - Stopped by Andrei Vasilevskiy without a rebound.
1:49 of 2nd period - Patrice Bergeron wins face-off versus Evgeni Malkin in Devils zone.
2:25 of 2nd period - Dougie Hamilton is hit by Sam Bennett and loses puck.
2:34 of 2nd period - Shot by Dylan Cozens.
2:34 of 2nd period - Stopped by Jacob Markstrom without a rebound.
2:35 of 2nd period - Brock Nelson wins face-off versus Sam Reinhart in Lightning zone.
2:58 of 2nd period - Shot by Travis Konecny.
2:58 of 2nd period - Stopped by Jacob Markstrom without a rebound.
2:59 of 2nd period - Ryan Strome wins face-off versus Alexander Wennberg in Lightning zone.
3:15 of 2nd period - Ryan Strome is hit by Justin Schultz and loses puck.
3:24 of 2nd period - Shot by Alex Killorn.
3:24 of 2nd period - Stopped by Andrei Vasilevskiy without a rebound.
3:25 of 2nd period - Patrice Bergeron wins face-off versus Evgeni Malkin in Devils zone.
3:28 of 2nd period - Shot by Patrice Bergeron.
3:28 of 2nd period - Shot Misses the Net.
5:39 of 2nd period - Shot by Ryan Strome.
5:39 of 2nd period - Stopped by Andrei Vasilevskiy without a rebound.
5:40 of 2nd period - Patrice Bergeron wins face-off versus Trevor Lewis in Devils zone.
6:00 of 2nd period - Sam Bennett is hit by Brian Dumoulin and loses puck.
6:09 of 2nd period - Shot by Sam Bennett.
6:09 of 2nd period - Shot Misses the Net.
6:11 of 2nd period - Shot by Patrice Bergeron.
6:11 of 2nd period - Stopped by Andrei Vasilevskiy without a rebound.
6:12 of 2nd period - Teddy Blueger wins face-off versus Nino Niederreiter in Devils zone.
6:16 of 2nd period - Icing by Conor Sheary.
6:17 of 2nd period - Brock Nelson wins face-off versus Alexander Wennberg in Devils zone.
6:38 of 2nd period - William Karlsson is hit by Nino Niederreiter and loses puck.
6:46 of 2nd period - Jeff Skinner is hit by Mikhail Sergachev and loses puck.
6:54 of 2nd period - Icing by Mikhail Sergachev.
6:55 of 2nd period - Alexander Wennberg wins face-off versus Patrice Bergeron in Devils zone.
6:55 of 2nd period - Alexander Wennberg is hit by Tyler Toffoli.
6:58 of 2nd period - Icing by Mikhail Sergachev.
6:59 of 2nd period - Alexander Wennberg wins face-off versus Patrice Bergeron in Devils zone.
7:35 of 2nd period - Conor Sheary is hit by Patrice Bergeron and loses puck.
7:37 of 2nd period - Minor Penalty to Mikhail Sergachev for Holding.
7:38 of 2nd period - Trevor Lewis wins face-off versus Brock Nelson in Devils zone.
7:38 of 2nd period - Trevor Lewis is hit by Sam Bennett.
8:04 of 2nd period - Ryan Graves is hit by Sam Bennett and loses puck.
8:13 of 2nd period - Shot by Kevin Shattenkirk.
8:13 of 2nd period - Shot Misses the Net.
8:15 of 2nd period - Shot by Kaiden Guhle.
8:15 of 2nd period - Shot Misses the Net.
8:17 of 2nd period - Shot by Kaiden Guhle.
8:17 of 2nd period - Shot Misses the Net.
9:33 of 2nd period - Shot by Brock Nelson.
9:33 of 2nd period - Deflect By William Karlsson.
9:33 of 2nd period - Stopped by Andrei Vasilevskiy without a rebound.
9:34 of 2nd period - Patrice Bergeron wins face-off versus Trevor Lewis in Devils zone.
9:39 of 2nd period - Shot by Teddy Blueger.
9:39 of 2nd period - Stopped by Andrei Vasilevskiy without a rebound.
9:40 of 2nd period - Barclay Goodrow wins face-off versus Evgeni Malkin in Devils zone.
9:42 of 2nd period - Minor Penalty to Barclay Goodrow for Hooking.
9:43 of 2nd period - Sam Reinhart wins face-off versus Teddy Blueger in Lightning zone.
9:46 of 2nd period - Shot by Mikhail Sergachev.
9:46 of 2nd period - Shot Misses the Net.
10:04 of 2nd period - Shot by Sam Reinhart.
10:04 of 2nd period - Stopped by Jacob Markstrom without a rebound.
10:05 of 2nd period - Erik Haula wins face-off versus Evgeni Malkin in Lightning zone.
10:05 of 2nd period - Erik Haula is hit by Nino Niederreiter.
10:19 of 2nd period - Evgeni Malkin is hit by Teddy Blueger and loses puck.
11:14 of 2nd period - Shot by Travis Konecny.
11:14 of 2nd period - Goal by Travis Konecny - Devils : 3 - Lightning : 1.
11:15 of 2nd period - Brock Nelson wins face-off versus Trevor Lewis in neutral zone.
11:28 of 2nd period - Shot by William Karlsson.
11:28 of 2nd period - Shot Misses the Net.
11:34 of 2nd period - Shot by Trevor Lewis.
11:34 of 2nd period - Stopped by Jacob Markstrom without a rebound.
11:35 of 2nd period - Sam Reinhart wins face-off versus Patrice Bergeron in Lightning zone.
12:09 of 2nd period - Tyler Toffoli is hit by Mikhail Sergachev.
12:34 of 2nd period - Icing by Ben Chiarot.
12:35 of 2nd period - Patrice Bergeron wins face-off versus Dylan Cozens in Lightning zone.
12:39 of 2nd period - Minor Penalty to Andrew Peeke for Holding.
12:40 of 2nd period - Teddy Blueger wins face-off versus Evgeni Malkin in Lightning zone.
12:53 of 2nd period - Shot by Damon Severson.
12:53 of 2nd period - Shot Misses the Net.
12:55 of 2nd period - Shot by Matt Boldy.
12:55 of 2nd period - Goal by Matt Boldy - Devils : 4 - Lightning : 1.
12:56 of 2nd period - Brock Nelson wins face-off versus Mathieu Joseph in neutral zone.
13:10 of 2nd period - Minor Penalty to Kevin Shattenkirk for Slashing.
13:11 of 2nd period - Sam Reinhart wins face-off versus Teddy Blueger in Lightning zone.
13:12 of 2nd period - Shot by Chris Kreider.
13:12 of 2nd period - Deflect By Travis Konecny.
13:12 of 2nd period - Stopped by Jacob Markstrom without a rebound.
13:13 of 2nd period - Sam Reinhart wins face-off versus Teddy Blueger in Lightning zone.
13:38 of 2nd period - Shot by Mikhail Sergachev.
13:38 of 2nd period - Stopped by Jacob Markstrom without a rebound.
13:39 of 2nd period - Teddy Blueger wins face-off versus Evgeni Malkin in Lightning zone.
13:39 of 2nd period - Teddy Blueger is hit by Matt Boldy.
15:14 of 2nd period - William Karlsson is hit by Brian Dumoulin and loses puck.
15:17 of 2nd period - Shot by Brock Nelson.
15:17 of 2nd period - Stopped by Andrei Vasilevskiy without a rebound.
15:18 of 2nd period - Trevor Lewis wins face-off versus Brock Nelson in Devils zone.
15:22 of 2nd period - Mathieu Joseph is hit by Jeff Skinner and loses puck.
15:27 of 2nd period - Kaiden Guhle is hit by Michael McCarron and loses puck.
15:39 of 2nd period - Mathieu Joseph is hit by Kevin Shattenkirk and loses puck.
15:48 of 2nd period - Shot by Michael McCarron.
15:48 of 2nd period - Stopped by Jacob Markstrom without a rebound.
15:49 of 2nd period - Evgeni Malkin wins face-off versus Tyler Toffoli in Lightning zone.
16:11 of 2nd period - Icing by Tyler Toffoli.
16:12 of 2nd period - Patrice Bergeron wins face-off versus Alexander Wennberg in Lightning zone.
16:29 of 2nd period - Shot by Patrice Bergeron.
16:29 of 2nd period - Shot Misses the Net.
16:53 of 2nd period - Shot by Alexander Wennberg.
16:53 of 2nd period - Stopped by Jacob Markstrom without a rebound.
16:54 of 2nd period - Brock Nelson wins face-off versus Matt Boldy in Lightning zone.
17:15 of 2nd period - Shot by Brock Nelson.
17:15 of 2nd period - Shot Misses the Net.
17:17 of 2nd period - Shot by Jeff Skinner.
17:17 of 2nd period - Stopped by Andrei Vasilevskiy without a rebound.
17:18 of 2nd period - Ryan Strome wins face-off versus Sam Reinhart in Devils zone.
17:53 of 2nd period - Shot by Sam Reinhart.
17:53 of 2nd period - Shot Misses the Net.
17:57 of 2nd period - Shot by Sam Reinhart.
17:57 of 2nd period - Shot Misses the Net.
17:58 of 2nd period - Major Penalty to Andrew Peeke for Boarding.
17:59 of 2nd period - Evgeni Malkin wins face-off versus Teddy Blueger in Lightning zone.
18:59 of 2nd period - Icing by Damon Severson.
19:00 of 2nd period - Teddy Blueger wins face-off versus Evgeni Malkin in Devils zone.
19:00 of 2nd period - Teddy Blueger is hit by Dylan Cozens.
19:24 of 2nd period - Shot by Erik Haula.
19:24 of 2nd period - Goal by Erik Haula - Devils : 4 - Lightning : 2.
19:25 of 2nd period - Barclay Goodrow wins face-off versus Sam Reinhart in neutral zone.
Goals for this period are 3 for Devils vs 1 for Lightning.
Shots for this period are 11 for Devils vs 9 for Lightning.

3rd period


0:01 of 3rd period - Teddy Blueger wins face-off versus Sam Reinhart in neutral zone.
3:05 of 3rd period - Brian Dumoulin is hit by Kaiden Guhle and loses puck.
3:11 of 3rd period - Kaiden Guhle is hit by Trevor Lewis.
3:23 of 3rd period - Michael McCarron is hit by Jeff Skinner and loses puck.
3:37 of 3rd period - William Karlsson is hit by Brian Dumoulin and loses puck.
3:47 of 3rd period - Icing by Justin Schultz.
3:48 of 3rd period - Ryan Strome wins face-off versus Trevor Lewis in Devils zone.
3:58 of 3rd period - Shot by Alex Killorn.
3:58 of 3rd period - Shot Misses the Net.
4:00 of 3rd period - Shot by Ben Chiarot.
4:00 of 3rd period - Shot Hit the Post.
4:02 of 3rd period - Shot by Ryan Strome.
4:02 of 3rd period - Deflect By Dawson Mercer.
4:02 of 3rd period - Stopped by Andrei Vasilevskiy without a rebound.
4:03 of 3rd period - Patrice Bergeron wins face-off versus Sam Reinhart in Devils zone.
4:05 of 3rd period - Sam Bennett is hit by Mikhail Sergachev and loses puck.
4:24 of 3rd period - Sam Bennett is hit by Chris Kreider and loses puck.
4:29 of 3rd period - Shot by Sam Reinhart.
4:29 of 3rd period - Shot Misses the Net.
4:31 of 3rd period - Shot by Dougie Hamilton.
4:31 of 3rd period - Shot Blocked by Andrew Peeke.
4:43 of 3rd period - Minor Penalty to Andrew Peeke for Holding.
4:44 of 3rd period - Teddy Blueger wins face-off versus Evgeni Malkin in Lightning zone.
5:11 of 3rd period - Shot by Dylan Cozens.
5:11 of 3rd period - Stopped by Jacob Markstrom without a rebound.
5:12 of 3rd period - Teddy Blueger wins face-off versus Sam Reinhart in Lightning zone.
5:29 of 3rd period - Shot by Dougie Hamilton.
5:29 of 3rd period - Stopped by Jacob Markstrom without a rebound.
5:30 of 3rd period - Evgeni Malkin wins face-off versus Teddy Blueger in Lightning zone.
5:30 of 3rd period - Damon Severson is hit by Ben Chiarot and loses puck.
5:37 of 3rd period - Shot by Damon Severson.
5:37 of 3rd period - Shot Misses the Net.
5:51 of 3rd period - Shot by Damon Severson.
5:51 of 3rd period - Shot Blocked by Ben Chiarot.
5:53 of 3rd period - Shot by Matt Boldy.
5:53 of 3rd period - Stopped by Jacob Markstrom without a rebound.
5:54 of 3rd period - Barclay Goodrow wins face-off versus Sam Reinhart in Lightning zone.
6:45 of 3rd period - Icing by Damon Severson.
6:46 of 3rd period - Patrice Bergeron wins face-off versus Evgeni Malkin in Devils zone.
6:51 of 3rd period - Shot by Sam Bennett.
6:51 of 3rd period - Stopped by Andrei Vasilevskiy without a rebound.
6:52 of 3rd period - Patrice Bergeron wins face-off versus Evgeni Malkin in Devils zone.
6:59 of 3rd period - Shot by Sam Bennett.
6:59 of 3rd period - Shot Misses the Net.
7:01 of 3rd period - Shot by Patrice Bergeron.
7:01 of 3rd period - Stopped by Andrei Vasilevskiy with a rebound.
7:03 of 3rd period - Shot by Patrice Bergeron.
7:03 of 3rd period - Stopped by Andrei Vasilevskiy with a rebound.
7:34 of 3rd period - Sam Bennett is hit by Evgeni Malkin and loses puck.
8:10 of 3rd period - Shot by William Karlsson.
8:10 of 3rd period - Shot Blocked by Dougie Hamilton.
8:12 of 3rd period - Shot by William Karlsson.
8:12 of 3rd period - Stopped by Andrei Vasilevskiy with a rebound.
8:14 of 3rd period - Shot by William Karlsson.
8:14 of 3rd period - Deflect By Brock Nelson.
8:14 of 3rd period - Stopped by Andrei Vasilevskiy without a rebound.
8:15 of 3rd period - Sam Reinhart wins face-off versus Barclay Goodrow in Devils zone.
8:33 of 3rd period - Shot by Travis Konecny.
8:33 of 3rd period - Deflect By Sam Reinhart.
8:33 of 3rd period - Shot Misses the Net.
8:43 of 3rd period - Shot by Chris Kreider.
8:43 of 3rd period - Stopped by Jacob Markstrom without a rebound.
8:44 of 3rd period - Alexander Wennberg wins face-off versus William Karlsson in Lightning zone.
9:04 of 3rd period - Shot by Conor Sheary.
9:04 of 3rd period - Shot Misses the Net.
9:41 of 3rd period - Icing by Kevin Shattenkirk.
9:42 of 3rd period - Evgeni Malkin wins face-off versus Brock Nelson in Lightning zone.
10:19 of 3rd period - Off-side.
10:20 of 3rd period - Sam Reinhart wins face-off versus Patrice Bergeron in neutral zone.
10:36 of 3rd period - Sam Bennett is hit by Brian Dumoulin and loses puck.
10:53 of 3rd period - Shot by Sam Bennett.
10:53 of 3rd period - Shot Misses the Net.
11:56 of 3rd period - Shot by Erik Haula.
11:56 of 3rd period - Shot Misses the Net.
11:58 of 3rd period - Shot by Teddy Blueger.
11:58 of 3rd period - Stopped by Andrei Vasilevskiy with a rebound.
12:16 of 3rd period - Alexander Wennberg is hit by Dawson Mercer and loses puck.
12:23 of 3rd period - Shot by Alex Killorn.
12:23 of 3rd period - Stopped by Andrei Vasilevskiy without a rebound.
12:24 of 3rd period - Evgeni Malkin wins face-off versus Brock Nelson in Devils zone.
12:41 of 3rd period - Shot by Brock Nelson.
12:41 of 3rd period - Shot Misses the Net.
13:14 of 3rd period - Evgeni Malkin is hit by Kaiden Guhle and loses puck.
13:36 of 3rd period - Minor Penalty to Travis Konecny for Hooking.
13:37 of 3rd period - Patrice Bergeron wins face-off versus Trevor Lewis in Devils zone.
13:38 of 3rd period - Shot by Kevin Shattenkirk.
13:38 of 3rd period - Goal by Kevin Shattenkirk - Devils : 4 - Lightning : 3.
13:39 of 3rd period - Conor Sheary wins face-off versus Ryan Strome in neutral zone.
13:56 of 3rd period - Shot by Ryan Strome.
13:56 of 3rd period - Deflect By Alex Killorn.
13:56 of 3rd period - Stopped by Andrei Vasilevskiy with a rebound.
14:02 of 3rd period - Shot by Ryan Strome.
14:02 of 3rd period - Deflect By Alex Killorn.
14:02 of 3rd period - Stopped by Andrei Vasilevskiy with a rebound.
14:09 of 3rd period - Ryan Strome is hit by Ryan Graves and loses puck.
14:23 of 3rd period - Dawson Mercer is hit by Damon Severson and loses puck.
15:01 of 3rd period - Shot by Matt Boldy.
15:01 of 3rd period - Shot Blocked by John Klingberg.
15:16 of 3rd period - Icing by John Klingberg.
15:17 of 3rd period - Sam Reinhart wins face-off versus Patrice Bergeron in Lightning zone.
15:40 of 3rd period - Shot by Travis Konecny.
15:40 of 3rd period - Shot Blocked by John Klingberg.
15:42 of 3rd period - Shot by Sam Reinhart.
15:42 of 3rd period - Shot Misses the Net.
15:48 of 3rd period - Shot by Chris Kreider.
15:48 of 3rd period - Shot Blocked by John Klingberg.
15:54 of 3rd period - Shot by Sam Reinhart.
15:54 of 3rd period - Stopped by Jacob Markstrom without a rebound.
15:55 of 3rd period - Brock Nelson wins face-off versus Evgeni Malkin in Lightning zone.
18:02 of 3rd period - Icing by Damon Severson.
18:03 of 3rd period - Patrice Bergeron wins face-off versus Alexander Wennberg in Devils zone.
18:10 of 3rd period - Brandon Montour is hit by Conor Sheary and loses puck.
18:33 of 3rd period - Off-side.
18:34 of 3rd period - Brock Nelson wins face-off versus Evgeni Malkin in neutral zone.
18:34 of 3rd period - Brock Nelson is hit by Matt Boldy.
18:38 of 3rd period - Dougie Hamilton is hit by Brock Nelson and loses puck.
19:06 of 3rd period - Lightning, Jacob Markstrom is pulled from the net.
19:15 of 3rd period - Minor Penalty to Mikhail Sergachev for Goalie Interference.
19:16 of 3rd period - Patrice Bergeron wins face-off versus Trevor Lewis in Devils zone.
19:54 of 3rd period - Icing by Tyler Toffoli.
19:55 of 3rd period - Jacob Markstrom from Lightning was sent back in the game.
19:55 of 3rd period - Patrice Bergeron wins face-off versus Trevor Lewis in Lightning zone.
Goals for this period are 0 for Devils vs 1 for Lightning.
Shots for this period are 5 for Devils vs 11 for Lightning.